 Dungeon Crawl Stone Soup version 0.15.1-1-gfacfea3 (webtiles) character file.

47 CrazyArbalest the Sneak (level 3, 0/17 HPs)
             Began as a Spriggan Enchanter on Sept 21, 2014.
             Succumbed to an adder's poison
             ... on Level 2 of the Dungeon.
             The game lasted 00:06:36 (1136 turns).

CrazyArbalest the Sneak (Spriggan Enchanter)        Turns: 1136, Time: 00:06:36

HP   0/17        AC  3     Str  5      XL: 3   Next: 48%
MP   9/9         EV 19     Int 16      God:
Gold 104         SH  0     Dex 16      Spells:  1 memorised,  6 levels left

rFire  . . .     SeeInvis +     a - +1 dagger
rCold  . . .     Clarity  .     b - +1 robe
rNeg   . . .     rCorr    .     (shield restricted)
rPois  .         rRot     .     (helmet restricted)
rElec  .         Spirit   .     (no cloak)
SustAb .         Warding  .     (gloves unavailable)
rMut   .         Stasis   .     (boots unavailable)
Gourm  .                        (no amulet)
MR     .....                    (no ring)
                                (no ring)

@: lethally poisoned, very quick, not resistant to hostile enchantments, fairly
stealthy
A: unfitting armour, see invisible, herbivore 3, speed 3, slow metabolism 2
a: no special abilities


You were on level 2 of the Dungeon.
You were not hungry.

You visited 1 branch of the dungeon, and saw 2 of its levels.

You collected 104 gold pieces.

Inventory:

Hand weapons
 a - a +1 dagger (weapon)
Armour
 b - a +1 robe (worn)
Scrolls
 e - a scroll of amnesia {unknown}
 f - 2 scrolls of identify {unknown}
 h - a scroll of recharging {unknown}
 i - a scroll of fog {unknown}
 k - a scroll of enchant armour {unknown}
 l - 2 scrolls of remove curse {unknown}
 o - a scroll of blinking {unknown}
Potions
 d - a potion of porridge
 g - 3 potions of brilliance {unknown}
 j - a potion of heal wounds {unknown}
 m - a potion of curing {unknown}
 n - a potion of restore abilities {unknown}
Books
 c - a book of Maledictions

   Spells                             Type                      Level
   *Corona                            Hexes                        1
   Sure Blade                         Hexes/Charms                 2
   Ensorcelled Hibernation            Hexes/Ice                    2
   Confuse                            Hexes                        3
   Dazzling Spray                     Conjuration/Hexes            3
   Enslavement                        Hexes                        4


   Skills:
 + Level 0.4 Fighting
 + Level 1.2 Short Blades
 + Level 0.2 Throwing
 + Level 4.1 Dodging
 + Level 4.7 Stealth
 + Level 2.9 Spellcasting
 + Level 4.2 Hexes


You had 6 spell levels left.
You knew the following spells:

 Your Spells              Type           Power        Failure   Level  Hunger
a - Corona                Hex            ###....      3%          1    #......


Dungeon Overview and Level Annotations

Branches:
Dungeon (2/15)

Altars:
Elyvilon
Qazlal


Innate Abilities, Weirdness & Mutations

You are tiny and cannot use many weapons and most armour.
You have supernaturally acute eyesight.
You are a herbivore.
You cover ground extremely quickly.
You need consume almost no food.


Message History

The adder is severely wounded.
The adder barely misses you.
You hit the adder but do no damage.
The adder is severely wounded.
* * * LOW HITPOINT WARNING * * *
You feel sick. The adder closely misses you.
You hit the adder but do no damage.
The adder is severely wounded.
The adder completely misses you.
You barely miss the adder.
The adder is severely wounded.
The adder misses you.
You miss the adder.
The adder is severely wounded.
The adder bites you.
* * * LOW HITPOINT WARNING * * *
The adder misses you.
You hit the adder.
The adder is severely wounded.
You die...

####.. ####..)...
##..#.......
##.S..........
#..@...........
#......>.......
#...........?..
#............#
##.......#.#.. ..
##........# #.#.
####.....###..#..
#....###...#......
#.##..............


You could see an adder.

Vanquished Creatures
  Terence (D:2)
  An adder (D:2)
  A giant gecko (D:1)
  A ball python (D:1)
  3 goblins (D:1)
  6 hobgoblins
  3 bats (D:1)
  A giant cockroach (D:1)
  A giant newt (D:2)
  2 kobolds
  7 rats
27 creatures vanquished.

Notes
Turn   | Place    | Note
--------------------------------------------------------------
     0 | D:1      | CrazyArbalest, the Spriggan Enchanter, began the quest for the Orb.
     0 | D:1      | Reached XP level 1. HP: 9/9 MP: 4/4
   310 | D:1      | Reached XP level 2. HP: 13/13 MP: 7/7
   727 | D:2      | Noticed Terence
   789 | D:2      | Killed Terence
   789 | D:2      | Reached XP level 3. HP: 6/16 MP: 7/9
   850 | D:2      | Found a white marble altar of Elyvilon.
   850 | D:2      | Found a stormy altar of Qazlal.
  1136 | D:2      | Succumbed to an adder's poison

Action                   || total
-------------------------++-------
Melee: Dagger            ||   156
Throw: Tomahawk          ||     7
 Cast: Corona            ||     2
 Stab: Sleeping          ||     4
       Distracted        ||     1
